 Dungeon Crawl Stone Soup version 0.30-a0-643-g638baaf3f0 (webtiles) character file.

Game seed: 14857839350364568062

20 Absynth the Chopper (level 2, -7/25 HPs)
             Began as a Minotaur Gladiator on Jan 16, 2023.
             Killed from afar by an orc wizard (11 damage)
             ... with a magic dart
             ... on level 2 of the Dungeon.
             The game lasted 00:01:36 (849 turns).

Absynth the Chopper (Minotaur Gladiator)             Turns: 849, Time: 00:01:37

Health: -7/25      AC:  3    Str: 18    XL:     2   Next: 58%
Magic:  1/1        EV: 12    Int:  5    God:
Gold:   51         SH:  0    Dex: 11    Spells: 1/1 levels left

rFire   . . .      SeeInvis .    a - +0 war axe
rCold   . . .      Faith    .    (no shield)
rNeg    . . .      Spirit   .    b - +0 leather armour
rPois   .          Reflect  .    c - +0 hat
rElec   .          Harm     .    (no cloak)
rCorr   .          Rampage  .    (no gloves)
Will    .....                    (no boots)
Stlth   +                        (no amulet)
HPRegen 0.24/turn                (no ring)
MPRegen 0.07/turn                (no ring)

@: confused
A: horns 2, retaliatory headbutt
a: no special abilities


You were on level 2 of the Dungeon.
You visited 1 branch of the dungeon, and saw 2 of its levels.

You collected 51 gold pieces.

Inventory:

Hand Weapons
 a - a +0 war axe (weapon)
Missiles
 d - 3 throwing nets (quivered)
 e - a javelin
 g - 3 silver javelins
Armour
 b - a +0 leather armour (worn)
 c - a +0 hat (worn)
Scrolls
 h - a scroll of poison {unknown}
 i - 3 scrolls of identify {unknown}
 j - a scroll of teleportation {unknown}
Potions
 f - 3 potions of degeneration {unknown}
 k - a potion of mutation {unknown}


   Skills:
 + Level 2.8 Fighting
 * Level 4.1 Axes
 - Level 2.0 Throwing
 + Level 1.0 Armour
 + Level 3.5 Dodging


You had one spell level left.
You didn't know any spells.
Your spell library contained the following spells:

 Spells                   Type           Power      Damage    Failure   Level
 Sublimation of Blood     Necr           0%         N/A       67%         2
 Wereblood                Tmut           0%         N/A       67%         2
 Call Canine Familiar     Summ           0%         N/A       88%         3
 Portal Projectile        Hex/Tloc       0%         N/A       88%         3
 Leda's Liquefaction      Hex/Erth       0%         N/A       99%         4
 Summon Hydra             Summ           0%         N/A       100%        7


Dungeon Overview and Level Annotations

Branches:
Dungeon (2/15)

Altars:

Shops:
D:1 =

Annotations:
D:2 Terence


Innate Abilities, Weirdness & Mutations

You have a pair of horns on your head.
You reflexively headbutt those who attack you in melee.


Message History

You hit the orc but do no damage. You headbutt the orc!
You kill the orc!
You hit the orc. The orc closely misses you.
The orc wizard casts a spell.
The orc wizard flickers and vanishes!
Deactivating autopickup; reactivate with Ctrl-A.
You slash the orc!
You kill the orc!
Your Armour skill increases to level 1!
Things that are here:
a +0 hand axe; a +0 ring mail; an orc corpse You slash the orc!
You kill the orc!
You barely miss something. Something hits you.
A kobold comes into view. It is wielding a +0 short sword.
Something hits you.
You are too injured to fight recklessly!
You miss something.
The kobold shouts!
You hear some strange, mumbled words.
You are confused.
You hit something but do no damage. Your punch misses something.
Something barely misses you.
You hear some strange, mumbled words.
You are more confused.
Items here: )) [ †.
You closely miss something. Something hits you.
The kobold throws a stone.
The stone hits you but does no damage.
A rat comes into view.
Something hits you.
You closely miss something. Your headbutt misses something. Something hits you.
* * * LOW HITPOINT WARNING * * *
You barely miss something. Something barely misses you.
Terence the Incautious comes into view.
He is wielding a +0 flail.
You bump into the rock wall.
Something hits you.
* * * LOW HITPOINT WARNING * * *
You barely miss something.
You hear some strange, mumbled words.
A magic dart appears from out of thin air!
The magic dart hits you!
You die...

..........# ..
..........# # #.#
#####.###.# .# #..
#.....#.# .###.#
#.....#.####...r.#
#...........# #@.#
#...........# #..#
#<....#.....###{.#
#####.#.####..@#)# #
#.#.# #.###.##.###.
#.#.####.###........
#.#........)........
#.##################
#.# #.# #.#


You could see Terence and a rat.

Vanquished Creatures
  3 orcs (D:2)
  A ball python (D:1)
  An endoplasm (D:1)
  A goblin (D:1)
  3 hobgoblins (D:1)
  A quokka (D:1)
  3 kobolds
  A rat (D:1)
14 creatures vanquished.

Notes
Turn   | Place    | Note
-------+----------+-------------------------------------------
     0 | D:1      | Absynth the Minotaur Gladiator began the quest for the Orb.
     0 | D:1      | Reached XP level 1. HP: 18/18 MP: 0/0
   148 | D:1      | Found Vephoim's Jewellery Shoppe.
   484 | D:1      | Reached XP level 2. HP: 25/25 MP: 1/1
   490 | D:1      | Reached skill level 4 in Axes
   839 | D:2      | Reached skill level 1 in Armour
   847 | D:2      | Noticed Terence
   849 | D:2      | Killed from afar by an orc wizard

Illustrated notes

Levels and vault maps discovered:
D:1:      psy_arrival_whirlpool, layout_basic, serial_shops, shop
D:2:      minmay_wonky_spiral, layout_loops_ring,
          hellmonk_ecumenical_altar_dog_temple, basic_altar, uniq_terence

Skill      XL: |  1  2 |
---------------+-------+-----
Axes           | 4 |  4.1
Armour         | 1 |  1.0
Fighting       | |  2.8
Throwing       | |  2.0
Dodging        | |  3.5

Action                   || total
-------------------------++-------
Melee: War axe           ||    39
       Headbutt          ||     5
       Punch             ||     1
Armor: Leather armour    ||     8
Dodge: Dodged            ||    26

Table legend: (Time is in decaauts)
 A = Elapsed time spent in this place.
 B = Non-inter-level travel time spent in this place.
 C = Inter-level travel time spent in this place.
 D = Time resting spent in this place.
 E = Time spent auto-exploring this place.
 F = Levels seen in this place.
 G = Mean time per level.
                   A        B        C        D        E       F      G
               +--------+--------+--------+--------+--------+-----+--------+
         Total |    861 |    797 |     64 |      0 |    683 |   2 |  430.5 |
       Dungeon |    861 |    797 |     64 |      0 |    683 |   2 |  430.5 |
               +--------+--------+--------+--------+--------+-----+--------+

Top non-repeatable levels by time:
     D:1: 793 daAuts
     D:2: 68 daAuts
